 Dungeon Crawl Stone Soup version 0.31.0-12-g77e489cdc1 (webtiles) character file.

Game seed: 9221945497285225382

56 sking99 the Ruffian (level 3, -3/24 HPs)
             Began as an Octopode Shapeshifter on Feb 22, 2024.
             Slain by an orc wizard
             ... wielding a +0 dagger
              (5 damage)
             ... on level 3 of the Dungeon.
             The game lasted 00:03:45 (1489 turns).

sking99 the Ruffian (Octopode Shapeshifter)         Turns: 1489, Time: 00:03:46

Health: -3/24      AC:  1    Str: 15    XL:     3   Next: 97%
Magic:  3/3        EV: 13    Int: 12    God:
Gold:   158        SH:  0    Dex: 11    Spells: 2/2 levels left

rFire   . .          .
                       - Unarmed
rCold   + . .        (no shield)
rNeg    . . .        (helmet currently unavailable)
rPois   .            (no amulet)
rElec   .            i - ring of protection from cold
rCorr   .            (no ring)
SInv    .            (no ring)
Will    .....        (no ring)
Stlth   ++           (no ring)
HPRegen 0.24/turn    (no ring)
MPRegen 0.08/turn    (no ring)
                     (no ring)

%: no passive effects
@: beast-form
A: beast (slay +1), almost no armour, amphibious, 8 rings, camouflage 1,
gelatinous body 1, (nimble swimmer 1), tentacles
a: Begin Untransformation


You were on level 3 of the Dungeon.
You were a hulking beast.
You visited 1 branch of the dungeon, and saw 3 of its levels.

You collected 158 gold pieces.

Inventory:

Jewellery
 i - a ring of protection from cold (left tentacle)
Talismans
 b - a beast talisman (active)
 c - a flux talisman
Scrolls
 h - 2 scrolls of identify {unknown}
 k - a scroll of noise {unknown}
 l - a scroll of revelation {unknown}
 m - a scroll of vulnerability {unknown}
 n - a scroll of poison {unknown}
 p - a scroll of butterflies {unknown}
 q - 2 scrolls of silence {unknown}
 r - a scroll of blinking {unknown}
Potions
 a - a potion of lignification
 d - 2 potions of enlightenment {unknown}
 e - a potion of brilliance {unknown}
 f - 3 potions of curing {unknown}
 g - a potion of degeneration {unknown}
 j - a potion of cancellation {unknown}
 o - a potion of haste {unknown}
 s - 2 potions of ambrosia {unknown}


   Skills:
 + Level 1.8 Fighting
 + Level 2.5 Dodging
 * Level 3.7 Unarmed Combat
 + Level 3.3 Shapeshifting


You had 2 spell levels left.
You didn't know any spells.
Your spell library contained the following spells:

 Spells                   Type           Power      Damage    Failure   Level
 Shock                    Conj/Air       0%         1d3       32%         1
 Ensorcelled Hibernation  Hex/Ice        0%         N/A       45%         2
 Fugue of the Fallen      Necr           0%         N/A       69%         3
 Ozocubu's Armour         Ice            0%         N/A       69%         3
 Swiftness                Air            0%         N/A       69%         3
 Airstrike                Air            0%         2d(0-16)  97%         4
 Anguish                  Hex/Necr       0%         N/A       97%         4
 Metabolic Englaciation   Hex/Ice        0%         N/A       100%        5
 Sculpt Simulacrum        Ice/Alch       0%         N/A       100%        6


Dungeon Overview and Level Annotations

Branches:
Dungeon (3/15)

Altars:

Shops:
D:1 (   D:2 (


Innate Abilities, Weirdness & Mutations

You are a hulking beast.
Your limbs bulge with bestial killing power. (Slay +1)
You cannot wear most types of armour.
You are amphibious.
You can wear up to eight rings at the same time.
Your skin changes colour to match your surroundings (Stealth+).
Your rubbery body absorbs attacks. (AC +1, EV +1)
((You are camouflaged when in or above water. (Stealth+)))
You have tentacles for arms and can constrict up to eight enemies at once.


Message History

You kill the ribbon worm!
You start resting.
HP restored.
The helpless orc fails to defend itself.
You tentacle-slap the orc but do no damage.
You grab the orc. You squeeze the orc.
You kill the orc! 2 orcs come into view.
An orc wizard comes into view. It is wielding a +0 dagger.
Found a scale mail.
The orc shouts!
The orc wizard shouts!
The orc shouts!
Things that are here:
a +0 flail; a +0 scale mail; an orc corpse The orc hits you with a +0 short sword.
The orc wizard gestures at you while chanting.
You are confused.
You bump into the rock wall.
The orc hits you with a +0 short sword.
The orc wizard hits you with a +0 dagger.
You barely miss the orc. The orc hits you with a +0 short sword.
The orc wizard casts a spell at you. The magic dart hits you.
* * * LOW HITPOINT WARNING * * *
The orc misses you. The orc attacks as it pursues you!
The orc barely misses you.
Things that are here:
a +0 flail; a +0 scale mail; an orc corpse You're too confused to move!
The orc completely misses you.
You closely miss the orc. Your squeeze misses the orc.
The orc hits you with a +0 short sword.
* * * LOW HITPOINT WARNING * * *
You barely miss the orc. The orc barely misses you.
You closely miss the orc. You squeeze the orc.
You kill the orc!
You closely miss the orc wizard. Your squeeze misses the orc wizard.
You feel less confused. The orc wizard barely misses you.
The orc hits you with a +0 falchion.
* * * LOW HITPOINT WARNING * * *
You completely miss the orc wizard. Your grab misses the orc wizard.
The orc wizard hits you with a +0 dagger.
You die...

##...####.##
##.....###..##
##.......##...#######
#..........[.........
##.......##...#....
#.......##..##..##
####.#...#.##..#...#
#..............o...#
#.##.#####.###'#h..#
#.##†# #.##..o##.#
#.##.#####.#.....#...
#.##..............####
#.#...####.........#
.........+.........+
#.#...####.........#
#.##.## ##....[....
#.#### ##.....#.##


You could see an orc wizard and an orc.

Vanquished Creatures
  3 ribbon worms (D:3)
  2 orcs (D:3)
  3 ball pythons
  2 bats (D:1)
  3 endoplasms
  3 giant cockroaches
  3 hobgoblins (D:1)
  A jackal (D:2)
  3 kobolds
  5 quokkas (D:1)
  A frilled lizard (D:1)
  5 goblins
  8 rats
42 creatures vanquished.

Notes
Turn   | Place    | Note
-------+----------+-------------------------------------------
     0 | D:1      | sking99 the Octopode Shapeshifter began the quest for the
                  | Orb.
     0 | D:1      | Reached XP level 1. HP: 13/13 MP: 1/1
   121 | D:1      | Reached XP level 2. HP: 18/18 MP: 2/2
   385 | D:1      | Found Zaxay's Antique Weapon Shop.
   420 | D:1      | Reached XP level 3. HP: 12/23 MP: 3/3
   940 | D:2      | Found Sostra's Weapon Emporium.
  1489 | D:3      | Slain by an orc wizard

Illustrated notes

Levels and vault maps discovered:
D:1:      lightli_arrival_flooded_house, layout_basic, serial_shops,
          nicolae_shop_tiny_statue_garden, bh_walls_and_bars
D:2:      layout_basic, serial_shops, nicolae_shop_hallway_plus,
          minmay_pentomino_pile
D:3:      layout_loops_corners, nemelex_dance_club_becter,
          dreamdust_ecumenical_altar_statues, guppyfry_early_lair_pool

Action                     || total
---------------------------++-------
  Melee: Unarmed           ||    77
         Tentacles         ||    18
         Constrict         ||    17
         Punch             ||     1
   Stab: Sleeping          ||     4
         Distracted        ||     1
 Armour: Skin              ||    22
  Dodge: Dodged            ||    44
   Form: Beast             ||     1
